Map: Apotheosis LE

Players

Elazer - Winner!

  • Race: Zerg Zerg

Nerchio

  • Race: Zerg Zerg

Event: 2016 WCS Global Finals

VOD

Have the link to the VOD?

Description

Time

  • Played on: Oct. 30, 2016, 2:20 p.m.
  • Length: 9:42

All games in this series

Show
View Real Time Build Order
Export as new Build Order

Elazer Zerg - Winner!

Build Orders: 3 Hatch before Pool 

Get SALT Encoding   

  12  0:00  Drone  
  13  0:12  Overlord  
  13  0:17  Drone  
  14  0:31  Drone x2  
  14  0:34  Drone  
  17  0:52  Hatchery  
  17  0:56  Drone  
  17  0:59  Drone  
  18  1:19  Hatchery  
  18  1:22  Drone  
  18  1:35  Spawning Pool  
  18  1:38  Drone, Extractor  
  17  1:42  Drone  
  17  1:46  Drone  
  19  1:53  Drone  
  20  2:01  Drone  
  21  2:05  Drone  
  22  2:11  Drone  
  23  2:21  Queen  
  23  2:22  Queen  
  27  2:23  Zergling x2  
  28  2:31  Queen  
  28  2:34  Drone  
  31  2:37  Overlord  
  31  2:42  Zergling x2  
  31  2:43  Drone x2  
  34  2:48  Metabolic Boost  
  33  3:00  Queen  
  33  3:02  Overlord  
  35  3:06  Zergling x2  
  35  3:08  Spine Crawler  
  35  3:11  Drone x2  
  35  3:12  Drone  
  38  3:14  Drone  
  38  3:19  Drone x2  
  41  3:24  Overlord  
  42  3:27  Zergling x2  
  42  3:31  Zergling x6  
  45  3:35  Zergling x4  
  45  3:39  Overlord  
  47  3:41  Drone  
  47  3:42  Drone  
  47  3:44  Drone  
  51  3:55  Drone x2  
  51  3:56  Drone x2  
  51  3:57  Overlord  
  51  4:00  Extractor  
  51  4:02  Drone, Roach Warren  
  53  4:03  Drone  
  53  4:08  Drone x3  
  57  4:11  Overlord  
  57  4:12  Drone  
  59  4:17  Drone x2  
  59  4:21  Baneling Nest  
  59  4:22  Drone  
  59  4:23  Drone x2  
  60  4:24  Zergling x2  
  60  4:29  Drone x2  
  60  4:30  Drone  
  60  4:32  Drone  
  60  4:37  Drone x3  
  60  4:38  Drone  
  65  4:43  Drone x2  
  63  4:47  Extractor, Evolution Chamber  
  63  4:48  Evolution Chamber  
  60  4:54  Zergling x10  
  60  4:56  Extractor  
  60  4:57  Zergling x6  
  67  5:07  Lair, Overlord  
  67  5:12  Roach x3  
  67  5:13  Roach  
  75  5:16  Zerg Ground Armor Level 1, Zerg Missile Weapons Level 1  
  75  5:18  Overlord  
  75  5:22  Roach x2  
  75  5:23  Roach  
  75  5:25  Drone  
  82  5:30  Overlord  
  82  5:35  Overlord x2  
  80  5:37  Drone x3  
  80  5:38  Drone  
  80  5:40  Drone  
  85  5:43  Drone x2  
  85  5:44  Drone  
  85  5:49  Extractor  
  87  5:57  Drone x2  
  89  5:59  Hatchery, Overlord  
  88  6:08  Glial Reconstitution  
  87  6:15  Drone x3  
  86  6:19  Roach  
  86  6:20  Roach x6  
  86  6:25  Drone, Spire  
  98  6:26  Extractor  
  98  6:31  Drone x3  
  97  6:33  Drone x2  
  97  6:38  Drone x2  
  99  6:43  Overlord  
  99  6:46  Roach x2  
  103  6:49  Roach x2  
  103  6:51  Overseer, Hatchery  
  106  6:56  Overlord  
  106  6:58  Roach  
  106  6:59  Roach  
  106  7:01  Roach x2  
  114  7:10  Zerg Missile Weapons Level 2  
  114  7:11  Drone x6  
  114  7:12  Drone x2  
  122  7:18  Unknown  
  122  7:19  Overlord  
  122  7:23  Roach x3  
  122  7:24  Roach  
  128  7:37  Mutalisk x6  
  128  7:38  Mutalisk  
  142  7:44  Overlord  
  142  7:46  Extractor  
  142  7:47  Overlord  
  142  7:50  Extractor, Overlord  
  142  7:51  Roach  
  142  7:56  Overlord  
  142  7:57  Roach  
  142  7:58  Roach  
  146  8:01  Overlord  
  146  8:09  Drone x3  
  147  8:14  Roach x8  
  163  8:24  Roach x3  
  163  8:25  Roach  
  167  8:28  Drone, Overlord  
  167  8:29  Drone x2  
  169  8:34  Roach  
  169  8:35  Roach x2  
  175  8:42  Roach x3  
  175  8:44  Overlord  
  175  8:46  Overlord  
  181  8:52  Roach x3  
  187  9:02  Ravager x7  
  190  9:04  Roach x5  
Show
View Real Time Build Order
Export as new Build Order

Nerchio Zerg 

Build Orders: Hatch First 

Get SALT Encoding   

  12  0:00  Drone  
  13  0:12  Overlord  
  13  0:17  Drone  
  14  0:31  Drone x2  
  14  0:34  Drone  
  17  0:52  Hatchery  
  17  0:55  Drone  
  17  0:58  Drone  
  18  1:05  Extractor  
  17  1:13  Spawning Pool  
  17  1:17  Drone  
  17  1:20  Drone  
  18  1:28  Drone  
  19  1:38  Overlord  
  19  1:49  Drone  
  20  1:59  Queen  
  20  2:01  Zergling x2  
  23  2:03  Queen  
  23  2:04  Metabolic Boost  
  25  2:08  Zergling x2  
  25  2:12  Drone  
  25  2:15  Drone  
  28  2:23  Drone  
  28  2:25  Drone  
  30  2:30  Baneling Nest  
  30  2:32  Drone  
  30  2:36  Drone  
  31  2:44  Queen  
  31  2:47  Overlord  
  31  2:50  Zergling x2  
  34  2:54  Drone  
  35  2:58  Drone  
  36  3:15  Drone x2  
  36  3:17  Drone  
  36  3:18  Hatchery  
  36  3:19  Drone  
  37  3:21  Drone  
  37  3:23  Drone  
  37  3:26  Zergling x2  
  40  3:31  Zergling x2  
  40  3:32  Zergling x2  
  42  3:35  Overlord  
  42  3:38  Zergling x2  
  43  3:45  Drone, Overlord  
  44  3:53  Drone x5  
  49  3:58  Drone x2  
  49  3:59  Evolution Chamber  
  50  4:03  Baneling x2  
  50  4:05  Queen  
  52  4:11  Spine Crawler  
  52  4:12  Zergling x2  
  52  4:13  Zergling x2  
  52  4:17  Zergling x4  
  52  4:22  Zergling x4  
  56  4:26  Drone  
  56  4:28  Zerg Ground Armor Level 1  
  56  4:30  Drone x2, Extractor  
  56  4:32  Drone  
  56  4:33  Drone  
  56  4:36  Drone  
  56  4:37  Drone  
  59  4:43  Overlord  
  59  4:44  Drone x2  
  61  4:53  Extractor, Lair  
  61  4:54  Drone x2  
  61  4:56  Drone  
  63  5:01  Overlord  
  63  5:02  Drone x2  
  63  5:03  Drone  
  63  5:05  Drone  
  67  5:09  Overlord, Roach Warren  
  66  5:18  Zergling x6  
  69  5:22  Zergling x6  
  71  5:31  Overlord  
  71  5:34  Drone x3  
  73  5:36  Drone x2  
  73  5:37  Drone x3  
  76  5:42  Extractor  
  76  5:44  Extractor x2  
  76  5:45  Spine Crawler  
  76  5:48  Roach x2  
  76  5:49  Roach x2  
  78  5:50  Roach x3  
  78  5:52  Glial Reconstitution  
  78  5:53  Roach  
  86  5:58  Spine Crawler, Roach  
  86  6:01  Roach  
  86  6:03  Spire  
  88  6:07  Roach  
  89  6:12  Roach x2  
  89  6:13  Roach x2  
  89  6:15  Overlord  
  97  6:21  Drone  
  99  6:33  Overlord x2, Queen  
  99  6:34  Infestation Pit  
  99  6:35  Drone x3  
  99  6:36  Drone x3  
  99  6:38  Zerg Melee Weapons Level 1  
  99  6:39  Overlord  
  106  6:44  Overlord  
  106  6:48  Overlord  
  106  6:51  Overlord  
  106  6:52  Hatchery  
  106  6:54  Roach  
  107  6:55  Overseer  
  107  6:57  Overlord  
  107  7:00  Queen  
  109  7:04  Drone x2  
  109  7:06  Roach  
  109  7:07  Roach  
  115  7:14  Hive  
  115  7:17  Evolution Chamber  
  114  7:25  Roach x4  
  114  7:26  Roach x2  
  114  7:27  Infestor  
  114  7:29  Infestor  
  130  7:34  Roach  
  130  7:35  Roach x2  
  137  7:37  Drone x2, Unknown  
  137  7:42  Infestor x2  
  142  7:48  Drone  
  142  7:49  Drone x5  
  148  7:54  Infestor  
  148  7:56  Overlord  
  150  8:04  Overlord x2  
  150  8:06  Overlord  
  150  8:12  Overlord  
  149  8:15  Spore Crawler  
  148  8:21  Roach x3  
  148  8:31  Zergling x10  
  148  8:32  Ultralisk Cavern  
  148  8:34  Queen x2  
  151  8:36  Ravager x3  
  151  8:37  Spore Crawler  
  151  8:38  Spore Crawler  
  151  8:39  Spore Crawler  
  152  8:41  Roach x2  
  152  8:42  Roach x3  
  152  8:47  Ravager x3  
  163  8:48  Roach x2  
  165  9:05  Ravager x2  
  165  9:08  Drone x2  
  169  9:11  Drone x3  
  169  9:14  Drone x2  
  166  9:20  Roach x11  
  166  9:21  Roach  
Tags
 
Add a new tag
Caveats
  • Supply blocks, unpowered buildings, or Contaminate may cause inaccurate times.
  • Supply counts are checked every 10 seconds.